 Dungeon Crawl Stone Soup version 0.30.0-29-ga12c61a403 (webtiles) character file.

Game seed: 3596809639986989236

6195 Graphine the Spear-Bearer (level 10, -5/79 HPs)
             Began as a Merfolk Brigand on June 19, 2023.
             Was a Believer of Qazlal.
             Shot with an arrow by a centaur warrior (20 damage)
             ... on level 8 of the Dungeon.
             The game lasted 00:17:47 (6184 turns).

Graphine the Spear-Bearer (Merfolk Brigand)         Turns: 6184, Time: 00:17:48

Health: -5/79      AC:  5    Str: 15    XL:     10   Next: 91%
Magic:  11/11      EV: 15    Int: 12    God:    Qazlal [**....]
Gold:   499        SH:  8    Dex: 15    Spells: 9/9 levels left

rFire   + . .        h - +8 trident of the Abyss {spect, rC+ SInv Stlth+}
rCold   + + +        y - +0 buckler
rNeg    . . .        p - +2 robe {rC+ rF+}
rPois   .            (no helmet)
rElec   .            c - +0 cloak
rCorr   .            (no gloves)
SInv    +            (no boots)
Will    .....        (no amulet)
Stlth   ++++         n - ring of protection from cold
HPRegen 0.33/turn    (no ring)
MPRegen 0.12/turn

%: no passive effects
@: no status effects
A: (nimble swimmer 2), mertail, high MP 1
a: Renounce Religion, Upheaval


You were on level 8 of the Dungeon.
You worshipped Qazlal.
Qazlal was pleased with you.
You visited 2 branches of the dungeon, and saw 9 of its levels.

You collected 581 gold pieces.
You spent 82 gold pieces at shops.

Inventory:

Hand Weapons
 a - a +3 dagger
 h - the +8 trident of the Abyss (weapon) {spect, rC+ SInv Stlth+}
   (You found it on level 2 of the Dungeon)

   rC:        It protects you from cold.
   SInv:      It lets you see invisible.
   Stlth:     It makes you more stealthy.
 j - a +4 trident
Missiles
 d - 26 poisoned darts (quivered)
 e - 3 curare-tipped darts
Armour
 b - a +0 robe
 c - a +0 cloak (worn)
 p - a +2 robe of resistance (worn)
 y - a +0 buckler (worn)
Jewellery
 i - a ring of fire
 n - a ring of protection from cold (left hand)
Wands
 k - a wand of paralysis (17)
 s - a wand of polymorph (9)
 C - a wand of flame (25)
 D - a wand of light (19)
 E - a wand of digging (6)
Scrolls
 f - a scroll of enchant weapon
 m - 2 scrolls of teleportation
 t - a scroll of fear
 u - a scroll of blinking
 x - a scroll of magic mapping
 A - a scroll of immolation
 F - 2 scrolls of enchant armour
Potions
 g - a potion of attraction
 l - 2 potions of cancellation
 o - 2 potions of brilliance
 q - a potion of resistance
 r - 2 potions of lignification
 v - a potion of mutation
 w - 2 potions of degeneration
 z - 2 potions of curing {unknown}
 B - 2 potions of haste {unknown}
 G - a potion of flight {unknown}


   Skills:
 + Level 7.0 Fighting
 - Level 2.4(2.6) Short Blades
 - Level 1.2(2.0) Long Blades
 * Level 11.3 Polearms
 + Level 6.5 Throwing
 + Level 8.3 Dodging
 + Level 8.7 Stealth
 + Level 5.1 Shields


You had 9 spell levels left.
You didn't know any spells.
Your spell library contained the following spells:

 Spells                   Type           Power      Damage    Failure   Level
 Dazzling Flash           Conj/Hex       0%         N/A       77%         3
 Volatile Blastmotes      Fire/Tloc      0%         2d10      77%         3
 Fulminant Prism          Conj/Hex       0%         3d5       99%         4
 Iskenderun's Mystic Bla  Conj/Tloc      0%         2d3       99%         4
 Summon Lightning Spire   Summ/Air       0%         N/A       99%         4
 Agony                    Necr           0%         N/A       100%        5
 Lee's Rapid Deconstruct  Erth           0%         3d4*      100%        5
 Silence                  Hex/Air        0%         N/A       100%        5
 Storm Form               Tmut/Air       0%         N/A       100%        7
 Maxwell's Capacitive Co  Air            0%         ∞         100%        8


Dungeon Overview and Level Annotations

Branches:
Dungeon (8/15)             Temple (1/1) D:5
   Lair: D:8-11

Altars:
Ashenzari
Cheibriados
Dithmenos
Elyvilon
Fedhas
Gozag
Hepliaklqana
Kikubaaqudgha
Makhleb
Nemelex Xobeh
Okawaru
Qazlal
Ru
Trog
Uskayaw
Vehumet
Wu Jian
Xom
Yredelemnul
Zin
The Shining One

Shops:
D:1 *   D:6 *   D:8 ((?


Innate Abilities, Weirdness & Mutations

((You are very nimble when in or above water. (Stealth+, EV+, Speed+++)))
Your lower body shifts to a powerful aquatic tail in water.
You have an increased reservoir of magic. (+10% MP)


Message History

Qazlal accepts your kill.
Your Fighting skill increases to level 7!
Your +8 trident of the Abyss {spect, rC+ SInv Stlth+} disappears.
You hear a shout!
An orc comes into view. It is wielding a +0 flail.
The orc throws a boomerang.
The boomerang closely misses you.
You reach to attack!
You puncture the orc!
You kill the orc!
Qazlal accepts your kill.
No target in view!
D - a wand of light (19) (gained 14 charges)
Items here: )) [ ††††.
Okay, then.
You hear a shout!
A centaur warrior comes into view.
The centaur warrior wields a +0 shortbow.
The centaur warrior shoots an arrow.
The arrow hits you.
Found a dagger.
The centaur warrior shoots an arrow.
The arrow hits you!!
* * * LOW HITPOINT WARNING * * *
You are too injured to fight recklessly!
You are too injured to fight recklessly!
Reach: h) +8 trident of the Abyss {spect, rC+ SInv Stlth+}
Press: ? - help, Dir - move target, f - centaur warrior
Aim: a centaur warrior, wielding a +0 shortbow (about 22% to evade the +8 trident of the Abyss)
You reach to attack!
You hit the centaur warrior.
The centaur warrior is lightly wounded.
Your +8 trident of the Abyss {spect, rC+ SInv Stlth+} hits the centaur warrior.
The centaur warrior shoots an arrow.
The arrow hits your +8 trident of the Abyss {spect, rC+ SInv Stlth+}!
Your spectral weapon shares its damage with you!
* * * LOW HITPOINT WARNING * * *
Okay, then.
Okay, then.
Reach: h) +8 trident of the Abyss {spect, rC+ SInv Stlth+}
Press: ? - help, Dir - move target, f/p - centaur warrior
Aim: a centaur warrior, wielding a +0 shortbow (lightly wounded, about 22% to evade the +8 trident of the Abyss)
You could not reach far enough!
Your +8 trident of the Abyss {spect, rC+ SInv Stlth+} disappears.
The centaur warrior shoots an arrow.
The arrow hits you!!
You die...

##.#.....######..#......#
##....###.......#.....#.#.
..........#######.###.#...
#...####### #.).###.....
...#....# #.##.....##
######### ####.##.###..#
...... #..§....# ......
#...)###### ......
#....@....# ...###
######'##.# ..# c.# ..#
..# .# ..# .# ..# ..# .)#


You could see a centaur warrior.

Vanquished Creatures
  A two-headed ogre (D:8)
  Pikel (D:7)
  Joseph (D:8)
  Maggie (D:6)
  A hornet (D:7)
  8 yaks (D:8)
  A wyvern (D:7)
  A steam dragon (D:8)
  Edmund (D:6)
  2 sky beasts
  2 ice beasts
  6 ogres (D:7)
  3 centaurs
  2 lemures (D:7)
  2 phantoms
  3 bullfrogs
  A kobold brigand (D:7)
  2 scorpions
  3 wights (D:8)
  3 howler monkeys (D:8)
  3 gnoll boudas (D:7)
  3 hounds
  4 orc priests
  A jelly (D:4)
  4 sleepcaps
  3 iguanas
  5 orc wizards
  11 gnolls
  5 adders
  A shadow imp (D:5)
  2 white imps
  An ufetubus (D:6)
  A worm (D:5)
  3 dart slugs
  25 orcs
  4 ball pythons
  5 bats
  5 endoplasms
  2 giant cockroaches
  5 goblins
  3 hobgoblins
  2 jackals (D:2)
  A quokka (D:3)
  A frilled lizard (D:3)
  5 kobolds
  3 rats
153 creatures vanquished.

Notes
Turn   | Place    | Note
-------+----------+-------------------------------------------
     0 | D:1      | Graphine the Merfolk Brigand began the quest for the Orb.
     0 | D:1      | Reached XP level 1. HP: 16/16 MP: 1/1
    94 | D:1      | Found Lopt's General Store.
   237 | D:1      | Reached skill level 1 in Long Blades
   237 | D:1      | Reached XP level 2. HP: 23/23 MP: 2/2
   445 | D:2      | Identified the +8 trident of the Abyss {spect, rC+ SInv
                  | Stlth+}
   470 | D:2      | Noticed a scorpion
   475 | D:2      | Killed a scorpion
   476 | D:2      | Reached skill level 2 in Polearms
   476 | D:2      | Reached XP level 3. HP: 22/28 MP: 3/3
   476 | D:2      | Reached XP level 4. HP: 26/34 MP: 4/4
  1113 | D:2      | Reached skill level 3 in Polearms
  1113 | D:2      | Reached skill level 5 in Stealth
  1113 | D:2      | Reached XP level 5. HP: 41/41 MP: 5/5
  1168 | D:2      | Gained mutation: You have an increased reservoir of magic.
                  | (+10% MP) [potion of mutation]
  1168 | D:2      | Gained mutation: You are dopey. (Int -2) [potion of
                  | mutation]
  1168 | D:2      | Lost mutation: You are dopey. (Int -2) [potion of mutation]
  1443 | D:3      | Noticed a phantom
  1450 | D:3      | Killed a phantom
  1538 | D:3      | Reached XP level 6. HP: 47/47 MP: 6/6
  1550 | D:3      | Found a faded altar of an unknown god.
  1598 | D:3      | Reached skill level 4 in Polearms
  1694 | D:3      | Found a glowing golden altar of the Shining One.
  2068 | D:4      | Found a blossoming altar of Fedhas.
  2299 | D:5      | Entered Level 5 of the Dungeon
  2313 | D:5      | Reached XP level 7. HP: 53/53 MP: 7/7
  2318 | D:5      | Reached skill level 5 in Polearms
  2437 | D:5      | Found a staircase to the Ecumenical Temple.
  2455 | Temple   | Entered the Ecumenical Temple
  3147 | D:5      | Found a sparkling altar of Nemelex Xobeh.
  3156 | D:5      | Found a stormy altar of Qazlal.
  3159 | D:5      | Became a worshipper of Qazlal Stormbringer
  3510 | D:6      | Noticed Maggie
  3521 | D:6      | Paralysed by Maggie for 4 turns
  3528 | D:6      | Killed Maggie
  3529 | D:6      | Reached skill level 6 in Polearms
  3529 | D:6      | Reached skill level 1 in Shields
  3529 | D:6      | Reached XP level 8. HP: 15/61 MP: 8/8
  3609 | D:6      | Reached skill level 5 in Dodging
  3765 | D:6      | Found Ophulej's CLEARANCE SALE!.
  3801 | D:6      | Reached skill level 7 in Polearms
  3842 | D:6      | Noticed Edmund
  3851 | D:6      | Killed Edmund
  4399 | D:7      | Reached skill level 5 in Fighting
  4446 | D:7      | Reached XP level 9. HP: 68/68 MP: 9/9
  4463 | D:7      | Noticed Pikel
  4473 | D:7      | Noticed a hornet
  4477 | D:7      | Killed Pikel
  4478 | D:7      | Reached skill level 8 in Polearms
  4478 | D:7      | Reached skill level 5 in Throwing
  4485 | D:7      | Killed a hornet
  4708 | D:7      | Reached skill level 9 in Polearms
  4710 | D:7      | Reached * piety under Qazlal
  5303 | D:7      | Reached XP level 10. HP: 76/76 MP: 11/11
  5424 | D:7      | Reached skill level 10 in Polearms
  5770 | D:8      | Found Tamoxtown's Antique Weapon Emporium.
  5787 | D:8      | Found Fumin's Magic Scroll Emporium.
  5803 | D:8      | Found Giaklyurr's Antique Weapon Shop.
  5828 | D:8      | Noticed a two-headed ogre
  5857 | D:8      | Reached ** piety under Qazlal
  5994 | D:8      | Killed a two-headed ogre
  6022 | D:8      | Bought a scroll of enchant armour for 82 gold pieces
  6057 | D:8      | Found a burning altar of Makhleb.
  6143 | D:8      | Reached skill level 11 in Polearms
  6149 | D:8      | Reached skill level 5 in Shields
  6160 | D:8      | Noticed Joseph
  6166 | D:8      | Killed Joseph
  6181 | D:8      | Noticed a centaur warrior
  6184 | D:8      | Shot with an arrow by a centaur warrior

Illustrated notes

Levels and vault maps discovered:
D:1:      heliophobic_arrival_enchanted_forest, layout_rooms, serial_shops,
          shop, chequers_serial_rivers_micro_c, minmay_gold_behind_fungi,
          minmay_misc_feat_rows
D:2:      layout_basic, cheibrodos_gnoll_hut
D:3:      layout_basic, tso_altar, hellmonk_ecumenical_altar_pennies_from_heaven
D:4:      layout_rooms, fedhas_altar_fruit_tree, minmay_misc_feat_cross
D:5:      layout_rooms, mainiacjoe_overflow_swirl, minmay_temple_entry_hall
D:6:      layout_loops_corners, nicolae_shop_clearance, uniq_maggie, uniq_edmund
D:7:      kennysheep_seaside_town, layout_gridville, uniq_pikel
D:8:      kennysheep_blocky_room, layout_rooms, mainiacjoe_overflow_brackets,
          kennysheep_mini, serial_shops,
          nicolae_shop_temple_entry_statues_fountains, shop, shop, shop,
          uniq_joseph, uniq_maurice
Temple:   minmay_temple_bridge_d

Skill      XL: |  1  2  3  4  5  6  7  8  9 10 |
---------------+-------------------------------+-----
Long Blades    | 1 |  1.2
Polearms       | 2 3 4 6 7 9 11 | 11.3
Dodging        | 2 3 4 5 7 8 |  8.3
Fighting       | 3 4 5 6 7 |  7.0
Stealth        | 5 6 7 8 |  8.7
Throwing       | 3 4 5 6 |  6.5
Shields        | 1 2 3 5 |  5.1
Short Blades   | |  2.4

Action                     |  1- 3 |  4- 6 |  7- 9 | 10-12 || total
---------------------------+-------+-------+-------+-------++-------
  Melee: Dagger            |    16 |       |       |       ||    16
         Trident           |     5 |    58 |   129 |    82 ||   274
    Use: Scroll            |     7 |     5 |     5 |     3 ||    20
         Potion            |       |     1 |     2 |       ||     3
   Stab: Sleeping          |     8 |    18 |     8 |       ||    34
         Distracted        |       |       |     6 |     3 ||     9
 Armour: Robe              |     1 |     2 |     9 |     2 ||    14
  Dodge: Dodged            |     6 |     5 |    31 |     9 ||    51
  Block: Buckler           |       |       |    14 |     9 ||    23
